 Dungeon Crawl Stone Soup version 0.21-a0-2-ge494091 (webtiles) character file.

2871 Naow the Thaumaturge (level 9, -8/45 HPs)
             Began as a Deep Elf Fire Elementalist on May 22, 2017.
             Was an Initiate of Vehumet.
             Shot with an arrow by a centaur warrior (11 damage)
             ... on level 8 of the Dungeon.
             The game lasted 00:18:58 (10013 turns).

Naow the Thaumaturge (Deep Elf Fire Elementalist)  Turns: 10013, Time: 00:18:59

Health: -8/45      AC:  1    Str:  5    XL:     9   Next: 47%
Magic:  20/25      EV: 13    Int: 24    God:    Vehumet [......]
Gold:   352        SH:  0    Dex: 15    Spells: 13/28 levels left

rFire    . . .     SeeInvis .   E - staff of death
rCold    . . .     Gourm    +   (no shield)
rNeg     + . .     Faith    .   a - +0 robe
rPois    .         Spirit   .   (no helmet)
rElec    .         Reflect  .   (no cloak)
rCorr    .         Harm     .   z - +0 pair of gloves
MR       .....                  (no boots)
Stlth    ++........             y - amulet of the gourmand
Regen    0.2/turn               v - ring of wizardry
MPRegen  0.2/turn               G - -2 ring of protection (curse)

@: no status effects
A: no striking features
a: Renounce Religion


You were on level 8 of the Dungeon.
You worshipped Vehumet.
Vehumet was noncommittal.
You were very full.

You visited 2 branches of the dungeon, and saw 9 of its levels.

You collected 352 gold pieces.

Inventory:

Hand Weapons
 r - a +0 dagger
Armour
 a - a +0 robe (worn)
 z - a +0 pair of gloves (worn)
Magical Staves
 E - an uncursed staff of death (weapon)
Jewellery
 v - a ring of wizardry (left hand)
 y - an amulet of the gourmand (around neck)
 B - an uncursed ring of flight
 D - an uncursed amulet of guardian spirit
 G - a cursed -2 ring of protection (right hand)
Wands
 u - a wand of digging (11/24)
 A - a wand of disintegration (12/24)
 I - a wand of acid (3/15)
Scrolls
 d - a scroll of enchant armour {unknown}
 e - 3 scrolls of amnesia {unknown}
 g - a scroll of fog {unknown}
 m - 2 scrolls of identify {unknown}
 n - 5 scrolls of teleportation {unknown}
 s - a scroll of remove curse {unknown}
 x - a scroll of random uselessness {unknown}
 F - a scroll of fear {unknown}
 H - a scroll of recharging {unknown}
Potions
 f - 2 potions of brilliance {unknown}
 i - 2 potions of heal wounds {unknown}
 k - 2 potions of degeneration {unknown}
 l - 2 potions of might {unknown}
 o - a potion of agility {unknown}
 q - a potion of curing {unknown}
 t - 2 potions of haste {unknown}
 w - a potion of flight {unknown}
 C - a potion of berserk rage {unknown}
Books
 b - a book of Flames

   Spells                             Type                      Level
   a - Flame Tongue                   Conjuration/Fire             1
   b - Throw Flame                    Conjuration/Fire             2
   c - Conjure Flame                  Conjuration/Fire             3
   d - Inner Flame                    Hexes/Fire                   3
   e - Sticky Flame                   Conjuration/Fire             4
   f - Fireball                       Conjuration/Fire             5
Comestibles
 c - 13 bread rations
 h - 4 meat rations
 j - 2 fruits
 p - 3 royal jellies


   Skills:
 - Level 2.4 Dodging
 - Level 2.4 Stealth
 + Level 10.3 Spellcasting
 + Level 8.2 Conjurations
 + Level 9.1 Fire Magic


You had 13 spell levels left.
You knew the following spells:

 Your Spells              Type           Power        Failure   Level  Hunger
a - Flame Tongue          Conj/Fire      #####        1%          1    None
b - Throw Flame           Conj/Fire      ######       1%          2    None
c - Conjure Flame         Conj/Fire      ######..     1%          3    None
d - Sticky Flame          Conj/Fire      ######..     1%          4    #......
e - Fireball              Conj/Fire      ######....   1%          5    ####...


Dungeon Overview and Level Annotations

Branches:
Dungeon (8/15)             Temple (1/1) D:6
   Lair: D:8-11

Altars:
Ashenzari
Elyvilon
Gozag
Hepliaklqana
Makhleb
Nemelex Xobeh
Okawaru
Ru
Sif Muna
Uskayaw
Vehumet
Zin

Shops:
D:6 [*=?*[!=(

Annotations:
D:4 Sigmund


Message History

Casting: Flame Tongue
Confirm with . or Enter, or press ? or * to list all spells.
Aiming: Fireball
Press: ? - help, Shift-Dir - straight line
Okay, then.
The centaur warrior shoots an arrow.
The arrow hits you!!
Ouch! That really hurt!
* * * LOW HITPOINT WARNING * * *
You see here an arrow.
The centaur warrior shoots an arrow.
The arrow barely misses you.
Casting: Fireball
Confirm with . or Enter, or press ? or * to list all spells.
Aiming: Fireball
Press: ? - help, Shift-Dir - straight line, f - centaur warrior
Aim: a centaur warrior, wielding a longbow The fireball explodes!
The fireball engulfs the centaur warrior.
The centaur warrior is moderately wounded.
The centaur warrior shoots an arrow.
The arrow hits you!
You die...

#. .....c. .... ...
%).).# ..#
.####.##..c..##..#
......#.).).#..##
###.#...... ......#
.....#...###.....#
........#..c...# #
#.###.......####+##
#.#..@#...#†#.#.....#
#.##.##.#.#.#.#.....#
#....((.#.#.#.#.....#
##.#..#c####.#.#.#.....#
.........#...#.#.#.....#
######.........#.#.....#
...........#####.#..<..#
###.....########.#.#####
........#........#.#


You could see a centaur warrior.

Vanquished Creatures
  A hornet (D:8)
  A spriggan (D:7)
  Eustachio (D:6)
  3 ice beasts
  An orc warrior (D:7)
  A sky beast (D:6)
  A necrophage (D:5)
  3 ogres
  2 centaurs
  A wyvern zombie (D:7)
  2 bullfrogs (D:7)
  A gnoll sergeant (D:7)
  2 scorpions
  3 killer bees (D:7)
  An electric eel (D:6)
  3 howler monkeys
  3 orc priests
  6 hounds
  4 orc wizards
  A jelly (D:6)
  An iguana (D:5)
  A worker ant (D:4)
  2 hound zombies (D:5)
  A worker ant zombie (D:5)
  A howler monkey zombie (D:5)
  8 adders
  5 gnolls (D:7)
  2 shadow imps
  2 oozes
  2 adder skeletons
  8 worms
  2 dart slugs (D:1)
  6 leopard geckos
  22 orcs
  A ball python (D:5)
  8 bats
  3 giant cockroaches
  7 goblins
  7 hobgoblins
  3 jackals (D:2)
  2 quokkas
  A ball python zombie (D:5)
  3 frilled lizards
  16 kobolds
  6 rats
161 creatures vanquished.

Notes
Turn   | Place    | Note
-------+----------+-------------------------------------------
     0 | D:1      | Naow the Deep Elf Fire Elementalist began the quest for the Orb.
     0 | D:1      | Reached XP level 1. HP: 10/10 MP: 6/6
   351 | D:2      | Reached XP level 2. HP: 15/15 MP: 1/8
   668 | D:2      | Reached XP level 3. HP: 19/19 MP: 7/10
   961 | D:2      | Found a white marble altar of Elyvilon.
  1483 | D:2      | Reached XP level 4. HP: 19/24 MP: 4/11
  1747 | D:1      | Reached skill level 4 in Spellcasting
  2170 | D:3      | Learned a level 2 spell: Throw Flame
  2174 | D:3      | Learned a level 3 spell: Conjure Flame
  2179 | D:3      | Learned a level 4 spell: Sticky Flame
  2689 | D:3      | Reached XP level 5. HP: 22/28 MP: 5/14
  3439 | D:4      | Reached skill level 5 in Spellcasting
  3684 | D:4      | Found a sacrificial altar of Ru.
  3722 | D:4      | Noticed an ogre
  3734 | D:4      | Killed an ogre
  3734 | D:4      | Reached skill level 5 in Fire Magic
  3734 | D:4      | Reached XP level 6. HP: 32/32 MP: 0/16
  3753 | D:5      | Entered Level 5 of the Dungeon
  4022 | D:5      | Reached skill level 6 in Spellcasting
  4099 | D:5      | Found a hazy altar of Hepliaklqana.
  4513 | D:5      | Reached XP level 7. HP: 36/36 MP: 14/18
  4551 | D:4      | Noticed Sigmund
  5059 | D:4      | Learned a level 5 spell: Fireball
  5225 | D:6      | Found Mecsud's Magic Scroll Emporium.
  5268 | D:6      | Found Ymirchasm's Distillery.
  5268 | D:6      | Found Lar Qano's Antique Weapon Boutique.
  5273 | D:6      | Found Serar's Jewellery Boutique.
  5274 | D:6      | Found Plog's Antique Armour Boutique.
  5302 | D:6      | Reached skill level 5 in Conjurations
  5311 | D:6      | Reached skill level 7 in Spellcasting
  5601 | D:6      | Found Estuf's Assorted Antiques.
  5629 | D:6      | Found a shattered altar of Ashenzari.
  5642 | D:6      | Found a hazy altar of Hepliaklqana.
  5685 | D:6      | Found Kotruone's Jewellery Shoppe.
  5870 | D:6      | Noticed Eustachio
  5881 | D:6      | Killed Eustachio
  5881 | D:6      | Reached XP level 8. HP: 41/41 MP: 10/21
  5954 | D:6      | Found Lommunech's Antique Armour Emporium.
  5999 | D:5      | Reached skill level 8 in Spellcasting
  7433 | D:6      | Found Limef's Assorted Antiques.
  7517 | D:6      | Found a staircase to the Ecumenical Temple.
  7526 | Temple   | Entered the Ecumenical Temple
  7533 | Temple   | Became a worshipper of Vehumet
  7801 | D:7      | Reached skill level 9 in Spellcasting
  8200 | D:7      | Reached XP level 9. HP: 26/45 MP: 0/24
  8849 | D:7      | Found an opulent altar of Gozag.
  8850 | D:7      | Found a sparkling altar of Nemelex Xobeh.
  8920 | D:7      | Found a burning altar of Makhleb.
  9448 | D:7      | Reached skill level 10 in Spellcasting
  9770 | D:8      | Found an iron altar of Okawaru.
  9786 | D:8      | Noticed a centaur warrior
 10005 | D:8      | HP: 1/45 [centaur warrior/arrow (23)]
 10013 | D:8      | Shot with an arrow by a centaur warrior

Vault maps used:
D:1:      ncdulo_lavacross
D:2:      lemuel_crystal_altar, lexackson_kobold_supper
D:3:      first_bread, kennysheep_generic_room_8
D:4:      nicolae_ru_the_path_less_chosen, uniq_sigmund
D:5:      lemuel_tele_altar
D:6:      amethyst_overflow_temple_binary, minmay_temple_entry_poolview,
          serial_shops, shop, shop, kennysheep_mini_moat, shop,
          nicolae_shop_overgrown_old_shop, minmay_crystal_water,
          minmay_shop_grid_forest, uniq_eustachio
D:7:      grunt_temple_overflow_opulence, lemuel_crystal_altar, the_bakery
D:8:      cheibrodos_ideogram_h, kennysheep_mini, okawaru_ov_weapons_minmay
Temple:   compressed_dpeg_triangle_lava_temple

Skill      XL: |  1  2  3  4  5  6  7  8  9 |
---------------+----------------------------+-----
Conjurations   | 2 3 4 5 7 8 |  8.2
Fire Magic     | 4 5 6 8 9 |  9.1
Spellcasting   | 4 5 6 7 9 10 | 10.3
Dodging        | |  2.4
Stealth        | |  2.4

Action                   |  1- 3 |  4- 6 |  7- 9 || total
-------------------------+-------+-------+-------++-------
Melee: Unarmed           |     3 |     3 |       ||     6
       Dagger            |       |    19 |    73 ||    92
       Staff             |       |       |     1 ||     1
 Cast: Flame Tongue      |    77 |   128 |   134 ||   339
       Conjure Flame     |       |     1 |     4 ||     5
       Throw Flame       |       |     4 |    47 ||    51
       Sticky Flame      |       |     1 |    17 ||    18
       Fireball          |       |       |     6 ||     6
Evoke: Wand              |       |       |     1 ||     1
  Eat: Chunk             |     2 |     9 |    24 ||    35
       Royal jelly       |       |       |     1 ||     1
Armor: Robe              |     9 |     7 |    25 ||    41
Dodge: Dodged            |    15 |    49 |    71 ||   135
